 Dungeon Crawl Stone Soup version 0.26.1-11-gd32895ea62 (webtiles) character file.

Game seed: 1836447276101748714

81 phalm the Conjurer (level 4, -5/33 HPs)
             Began as a Mummy Conjurer on June 20, 2021.
             Killed from afar by an orc wizard (12 damage)
             ... with a puff of flame
             ... on level 3 of the Dungeon.
             The game lasted 00:06:12 (3277 turns).

phalm the Conjurer (Mummy Conjurer)                 Turns: 3277, Time: 00:06:13

Health: -5/33      AC:  3    Str: 10    XL:     4   Next: 19%
Magic:  1/9        EV: 12    Int: 18    God:
Gold:   40         SH:  0    Dex: 10    Spells: 7/10 levels left

rFire    x . .     SeeInvis .   k - +0 short sword
rCold    + . .     Faith    .   (no shield)
rNeg     + + +     Spirit   .   a - +0 robe
rPois    ∞         Reflect  .   (no helmet)
rElec    .         Harm     .   (no cloak)
rCorr    .         Rampage  .   n - +0 pair of gloves
Will     .....                  (no boots)
Stlth    ++........             (no amulet)
HPRegen  0.11/turn              (no ring)
MPRegen  0.11/turn              (no ring)

@: no status effects
A: no potions, fire vulnerability, cold resistance 1, negative energy resistance
3, torment resistance, unbreathing
a: no special abilities


You were on level 3 of the Dungeon.
You visited 1 branch of the dungeon, and saw 3 of its levels.

You collected 40 gold pieces.


Innate Abilities, Weirdness & Mutations

You do not drink.
Your flesh is vulnerable to fire.
You are immune to poison.
Your flesh is cold resistant. (rC+)
You are immune to negative energy. (rN+++)
You are immune to unholy pain and torment.
You can survive without breathing.


   Skills:
 + Level 1.7 Fighting
 - Level 1.5 Dodging
 - Level 1.5 Stealth
 + Level 3.5 Spellcasting
 * Level 4.1 Conjurations


You had 7 spell levels left.
You knew the following spells:

 Your Spells              Type           Power        Failure   Level
m - Magic Dart            Conj           72%          2%          1
s - Searing Ray           Conj           36%          4%          2

Your spell library contained the following spells:

 Spells                   Type           Power        Failure   Level
 Dazzling Flash           Conj/Hex       20%          21%         3
 Fulminant Prism          Conj/Hex       5%           54%         4
 Iskenderun's Mystic Bla  Conj/Tloc      10%          54%         4

Inventory:

Hand Weapons
 f - a +0 whip
   (You took it off a kobold on level 1 of the Dungeon)
 h - a +0 hunting sling
   (You found it on level 1 of the Dungeon)
 k - a +0 short sword (weapon)
   (You took it off a kobold on level 1 of the Dungeon)
Missiles
 c - 99 stones
 d - 10 poisoned darts (quivered)
 j - 48 arrows
Armour
 a - a +0 robe (worn)
 n - a +0 pair of gloves (worn)
   (You found it on level 2 of the Dungeon)
Scrolls
 b - a scroll of fog {unknown}
 e - 2 scrolls of teleportation {unknown}
 g - 2 scrolls of identify {unknown}
 i - a scroll of immolation {unknown}
 l - 2 scrolls of amnesia {unknown}
 m - a scroll of enchant weapon {unknown}
 o - a scroll of remove curse {unknown}

Dungeon Overview and Level Annotations

Branches:
Dungeon (3/15)

Altars:
Makhleb
Okawaru
Xom
Yredelemnul

Annotations:
D:2 Sigmund

# # ##.....#
##.##. ......
......#######..#
.......o..o....#
.(#.###.#..#
#)###....#
#.)..###.# ####.#
#.##++##.
#@###........
#..{<........
.................#
#.##############.#
#


There were no monsters in sight!


Message History

😎 MP[-1]
You lost 1 mp, and now have 8/9 mp.
Casting: Magic Dart (safe; 3% risk of failure)
Confirm with . or Enter, or press ? or * to list all spells.
Aiming: Magic Dart (safe; 3% risk of failure)
Press: ? - help, Shift-Dir - straight line, f/p - orc
Aim: an orc (moderately wounded, 0% to evade)
The magic dart hits the orc.
The orc wizard shouts! 😎 MP[-1]
You lost 1 mp, and now have 7/9 mp.
Casting: Magic Dart (safe; 3% risk of failure)
Confirm with . or Enter, or press ? or * to list all spells.
Aiming: Magic Dart (safe; 3% risk of failure)
Press: ? - help, Shift-Dir - straight line, f/p - orc
Aim: an orc (moderately wounded, 0% to evade)
The magic dart hits the orc.
The orc wizard gestures at itself while chanting.
The orc wizard flickers and vanishes!
Deactivating autopickup; reactivate with Ctrl-A. 😎 MP[-1]
You lost 1 mp, and now have 6/9 mp.
Casting: Magic Dart (safe; 3% risk of failure)
Confirm with . or Enter, or press ? or * to list all spells.
Aiming: Magic Dart (safe; 3% risk of failure)
Press: ? - help, Shift-Dir - straight line, f/p - orc
Aim: an orc (heavily wounded, 0% to evade)
The magic dart hits the orc. 😎 MP[-1]
You lost 1 mp, and now have 5/9 mp.
Casting: Magic Dart (safe; 3% risk of failure)
Confirm with . or Enter, or press ? or * to list all spells.
Aiming: Searing Ray (safe; 4% risk of failure)
Press: ? - help, Shift-Dir - straight line, f/p - orc
Aim: an orc (severely wounded, 22% to evade)
The searing ray hits the orc.
You kill the orc! (Press . to maintain the ray.) 😎 MP[-2]
You lost 2 mp, and now have 3/9 mp. 😎 MP[-1]
You lost 1 mp, and now have 2/9 mp. 😎 MP[-1]
You lost 1 mp, and now have 1/9 mp.
You finish channeling your searing ray. 😎 MP[-1]
You lost 1 mp, and now have 0/9 mp.
Throw: 12 darts (poison)
Press: ? - help, Q - select action, (/) - cycle Shift-Dir - straight line, f - you You throw a poisoned dart.
Something hits you.
An orc wizard comes into view.
It is wielding a +2 dagger of speed. 😕 HP[-2] MP[+1]
You take 2 damage, and now have 31/33 hp.
Throw: 11 darts (poison)
Press: ? - help, Q - select action, (/) - cycle Shift-Dir - straight line, f - orc wizard
Aim: an orc wizard, wielding a +2 dagger of speed and wearing a +0 robe (wandering, hasn't noticed you, 45% to hit)
You throw a poisoned dart. The poisoned dart hits the orc wizard.
The orc wizard is poisoned.
The orc wizard shouts!
Something hits you.
The orc wizard gestures at you while chanting.
The puff of flame hits you! The fire burns you terribly! 😮 HP[-14]
You take 14 damage, and now have 17/33 hp.
MASSIVE DAMAGE!! (PAUSE)
Casting: Searing Ray (safe; 4% risk of failure)
Confirm with . or Enter, or press ? or * to list all spells.
Aiming: Magic Dart (safe; 2% risk of failure)
Press: ? - help, Shift-Dir - straight line, f/p - orc wizard
Aim: an orc wizard, wielding a +2 dagger of speed and wearing a +0 robe (lightly wounded, poisoned, 0% to evade)
The magic dart hits something but does no damage.
You hear some strange, mumbled words.
Something tries to affect you, but you resist.
The orc wizard casts a spell at you.
The magic dart hits something! 😮 MP[-1]
You lost 1 mp, and now have 0/9 mp.
You barely miss something.
You hear some strange, mumbled words.
A magic dart appears from out of thin air!
The magic dart hits you.
* * * LOW HITPOINT WARNING * * *
😨 HP[-5]
You take 5 damage, and now have 12/33 hp.
Unknown command.
Something hits you.
* * * LOW HITPOINT WARNING * * *
😱 HP[-6]
You take 6 damage, and now have 6/33 hp.
The orc wizard looks more healthy.
A kobold comes into view. 😱 MP[+1]
There is a stone staircase leading up here.
You see here a +0 falchion. 😱 HP[+1]
You hear some strange, mumbled words.
A puff of flame appears from out of thin air!
The puff of flame hits you! The fire burns you terribly!
You die...

Skill      XL: |  1  2  3 |
---------------+----------+-----
Spellcasting   | 3 |  3.5
Fighting       | 1 |  1.7
Conjurations   | 4 |  4.1
Dodging        | |  1.5
Stealth        | |  1.5

Action                   |  1- 3 |  4- 6 || total
-------------------------+-------+-------++-------
Melee: Short sword       |     8 |     2 ||    10
       Whip              |     1 |       ||     1
Throw: Stone             |     2 |       ||     2
       Dart              |     2 |     4 ||     6
 Cast: Magic Dart        |    77 |    16 ||    93
       Searing Ray       |     1 |     1 ||     2
Armor: Robe              |     4 |       ||     4
Dodge: Dodged            |    12 |     5 ||    17

Levels and vault maps discovered:
D:1:      dpeg_cavernosity, layout_basic
D:2:      layout_rooms, lemuel_coloured_pillars_altar,
          gammafunk_temple_overflow_pools, okawaru_ov_weapons_minmay,
          uniq_sigmund
D:3:      layout_basic, overflow_temple_1_default, general_overflow_altar,
          wad_floor_pattern_1, nemelex_diamond_rough_becter

Notes
Turn   | Place    | Note
-------+----------+-------------------------------------------
     0 | D:1      | phalm the Mummy Conjurer began the quest for the Orb.
     0 | D:1      | Reached XP level 1. HP: 13/13 MP: 4/4
     0 | D:1      | magus.rc [v1.9.10]
   368 | D:1      | Reached XP level 2. HP: 20/20 MP: 3/5
   371 | D:1      | Learned a level 2 spell: Searing Ray
   452 | D:1      | Reached skill level 3 in Spellcasting
  1317 | D:2      | Reached skill level 1 in Fighting
  1347 | D:2      | Reached XP level 3. HP: 26/26 MP: 0/7
  1560 | D:2      | Noticed Sigmund
  2122 | D:2      | HP: 2/26 [something/puff of flame (7)]
  2683 | D:2      | Found an iron altar of Okawaru.
  2860 | D:2      | Found a shimmering altar of Xom.
  2988 | D:2      | Found a basalt altar of Yredelemnul.
  2988 | D:2      | Found a burning altar of Makhleb.
  2996 | D:2      | Reached skill level 4 in Conjurations
  2996 | D:2      | Reached XP level 4. HP: 28/32 MP: 0/9
  3268 | D:3      | HP: 6/33 [something (6)]
  3277 | D:3      | Killed from afar by an orc wizard

Vanquished Creatures
  3 adders
  A dart slug (D:3)
  3 leopard geckos
  4 orcs (D:3)
  2 ball pythons (D:1)
  6 bats
  A giant cockroach (D:2)
  3 goblins (D:2)
  6 hobgoblins
  A quokka (D:2)
  3 frilled lizards
  7 kobolds
  6 rats
46 creatures vanquished.

Vanquished Creatures (others)
  2 fungi (D:1)
2 creatures vanquished.

Grand Total: 48 creatures vanquished

Table legend:
 A = Non-vault XP
 B = Vault XP
 C = Vault XP percentage of total XP
 D = Non-vault monster count
 E = Vault monster count
 F = Vault count percentage of total count
                 A         B        C        D         E       F
            +---------+---------+-------+---------+---------+-------
      Total |     110 |       6 |   5.2 |      42 |       4 |   8.7
            +---------+---------+-------+---------+---------+-------
        D:1 |      21 |       6 |  22.2 |      12 |       4 |  25.0
        D:2 |      59 |       0 |   0.0 |      22 |       0 |   0.0
        D:3 |      30 |       0 |   0.0 |       8 |       0 |   0.0
            +---------+---------+-------+---------+---------+-------

Illustrated notes

Table legend:
 A = Kills in this place as a percentage of kills in entire the game.
 B = Kills by you in this place as a percentage of kills by you in the entire game.
 C = Kills by friends in this place as a percentage of kills by friends in the entire game.
 D = Other kills in this place as a percentage of other kills in the entire game.
 E = Experience gained in this place as a percentage of experience gained in the entire game.
 F = Experience gained in this place divided by the number of levels of this place that you have seen.
                   A       B       C       D       E      F
               +-------+-------+-------+-------+-------+----------------------
         Total | 100.0 | 100.0 |   N/A |   N/A | 100.0 |  38.7
       Dungeon | 100.0 | 100.0 |   N/A |   N/A | 100.0 |  38.7
               +-------+-------+-------+-------+-------+----------------------

Table legend: (Time is in decaauts)
 A = Elapsed time spent in this place.
 B = Non-inter-level travel time spent in this place.
 C = Inter-level travel time spent in this place.
 D = Time resting spent in this place.
 E = Time spent auto-exploring this place.
 F = Levels seen in this place.
 G = Mean time per level.
                   A        B        C        D        E       F      G
               +--------+--------+--------+--------+--------+-----+--------+
         Total |   3283 |   3006 |    277 |     59 |   2508 |   3 | 1094.3 |
       Dungeon |   3283 |   3006 |    277 |     59 |   2508 |   3 | 1094.3 |
               +--------+--------+--------+--------+--------+-----+--------+

Top non-repeatable levels by time:
     D:1: 1957 daAuts
     D:2: 1173 daAuts
     D:3: 151 daAuts
